 Dungeon Crawl Stone Soup version 0.30-a0-374-g95c0257040 (webtiles) character file.

Game seed: 11341101372144551555

1172 arthad the Chopper (level 8, -3/64 HPs)
             Began as a Gnoll Reaver on Nov 26, 2022.
             Was an Initiate of Ashenzari.
             Splashed by a jelly's acid (6 damage)
             ... on level 5 of the Dungeon.
             The game lasted 00:14:24 (4759 turns).

arthad the Chopper (Gnoll Reaver)                   Turns: 4759, Time: 00:14:25

Health: -3/64      AC:  4    Str: 12    XL:     8   Next: 41%
Magic:  17/17      EV: 14    Int: 15    God:    Ashenzari [......]
Gold:   167        SH:  0    Dex: 14    Spells: 13/19 levels left

rFire   + . .      SeeInvis .    n - +3 whip (elec)
rCold   x . .      Faith    .    (no shield)
rNeg    + . .      Spirit   .    e - +2 robe {rN+}
rPois   .          Reflect  .    (no helmet)
rElec   .          Harm     .    q - scarf {repulsion}
rCorr   .          Rampage  .    (no gloves)
Will    .....                    (no boots)
Stlth   ++........               (no amulet)
HPRegen 0.30/turn                j - ring "Laimats" {Fire Dex+4}
MPRegen 0.15/turn                (no ring)

@: repel missiles
A: fangs 1, strong nose, distributed training
a: Renounce Religion, Curse Item


You were on level 5 of the Dungeon.
You worshipped Ashenzari.
Ashenzari was noncommittal.
You visited 1 branch of the dungeon, and saw 5 of its levels.
You also visited: Sewer and Ossuary.

You collected 167 gold pieces.

Inventory:

Hand Weapons
 a - a +0 hand axe
 k - a +2 quarterstaff of chaos
 n - a +3 whip of electrocution (weapon)
 s - a +0 war axe
Missiles
 i - 6 poisoned darts
 r - 19 boomerangs
 v - 3 curare-tipped darts
Armour
 b - a +0 leather armour
 e - a +2 robe of positive energy (worn)
 l - a +0 cloak
 q - a scarf of repulsion (worn)
Jewellery
 j - the ring "Laimats" (left hand) {Fire Dex+4}
   (You found it on level 2 of the Dungeon)

   [ring of fire]

   It enhances your fire magic.
   Dex:       It affects your dexterity (+4).
   rF:        It protects you from fire.
   rC:        It makes you vulnerable to cold.
 z - a ring of ice
Wands
 p - a wand of polymorph (8)
Scrolls
 c - 8 scrolls of identify
 d - 3 scrolls of teleportation
 g - a scroll of poison
 m - a scroll of amnesia
 o - 3 scrolls of immolation
 u - a scroll of fear
 y - 2 scrolls of blinking
Potions
 f - 3 potions of lignification
 h - 4 potions of curing
 t - a potion of heal wounds
 w - 4 potions of might
 x - a potion of degeneration {unknown}
 A - a potion of haste {unknown}


   Skills:
 + Level 5.7 Fighting
 + Level 3.3 Short Blades
 + Level 3.3 Long Blades
 + Level 7.4 Axes
 + Level 3.3 Maces & Flails
 + Level 3.3 Polearms
 + Level 3.3 Staves
 + Level 3.3 Ranged Weapons
 + Level 3.3 Throwing
 + Level 3.3 Armour
 + Level 5.7 Dodging
 + Level 3.3 Stealth
 + Level 3.3 Shields
 + Level 3.3 Unarmed Combat
 + Level 6.1 Spellcasting
 + Level 6.1 Conjurations
 + Level 2.7 Hexes
 + Level 2.7 Summonings
 + Level 2.7 Necromancy
 + Level 2.7 Translocations
 + Level 2.7 Transmutations
 + Level 2.7 Fire Magic
 + Level 2.7 Ice Magic
 + Level 2.7 Air Magic
 + Level 2.7 Earth Magic
 + Level 2.7 Poison Magic
 + Level 3.7 Invocations
 + Level 3.3 Evocations


You had 13 spell levels left.
You knew the following spells:

 Your Spells              Type           Power      Damage    Failure   Level
a - Kiss of Death         Conj/Necr      72%        2d10      2%          1
b - Momentum Strike       Conj/Tloc      36%        3d9       3%          2
c - Hailstorm             Conj/Ice       18%        3d6       7%          3

Your spell library contained the following spells:

 Spells                   Type           Power      Damage    Failure   Level


Dungeon Overview and Level Annotations

Branches:
Dungeon (5/15)             Temple (0/1) D:5           Sewer (visited)
Ossuary (visited)

Altars:
Ashenzari
Fedhas
Hepliaklqana
Ru
Sif Muna

Annotations:
D:5 Ijyb


Innate Abilities, Weirdness & Mutations

You have very sharp teeth.
Your uncanny sense of smell can sniff out nearby items.
Your experience applies equally to all skills.


Message History

Something hits you.
* * * LOW HITPOINT WARNING * * *
A magic dart appears from out of thin air!
The magic dart hits you.
* * * LOW HITPOINT WARNING * * *
Okay, then.
Unknown command.
You feel better.
Aiming: Polymorph
Press: ? - help, Shift-Dir - straight line, f - orc
Aim: an orc, wielding a +0 dagger and wearing a +0 scale mail (will become a ball python, a kobold, or a jackal, chance to affect: 73%)
A jelly appears out of thin air!
Reactivating autopickup.
You are too injured to fight recklessly!
You hit the orc.
The orc is severely wounded.
The orc hits you with a +0 dagger.
* * * LOW HITPOINT WARNING * * *
You hit the orc but do no damage.
The orc is severely wounded.
The orc misses you.
You hit the orc but do no damage. Lightning courses through the orc!!
You kill the orc!
You hit the jelly but do no damage.
Your hands burn!
* * * LOW HITPOINT WARNING * * *
You hit the jelly but do no damage.
Your hands burn!
* * * LOW HITPOINT WARNING * * *
You bite the jelly, but do no damage. The jelly hits you but does no damage.
You hit the jelly.
Your hands burn!
* * * LOW HITPOINT WARNING * * *
You bite the jelly, but do no damage.
The jelly is lightly wounded.
The jelly closely misses you.
You hit the jelly.
Your hands burn!
* * * LOW HITPOINT WARNING * * *
The jelly is moderately wounded.
The jelly hits you.
* * * LOW HITPOINT WARNING * * *
You are splashed with acid.
You die...

### #.. #.# ##.. ##
### ##..# ..###.##
#### ##..##
#.##...#####...#
##..##.
#.#......J@....#
##..##..
..####.##...#####...#
##..##... .....###..#
#.#####..#####' .
#..###..#
#[............. .
#....o..#
#######.#####.#
...###.o###+## #.#
#). ........##...##
#.# ####
##.###.##.....## ###
#.# #...
#..###†#.......##
##.###.# #.##


You could see a jelly.

Vanquished Creatures
  Sigmund (D:2)
  Pargi (Sewer)
  A boggart (D:5)
  An elf zombie (Ossuary)
  7 centaur zombies (Ossuary)
  4 human zombies (Ossuary)
  2 orc priests
  A jelly (D:4)
  Crazy Yiuf (D:2)
  Terence (D:2)
  2 iguanas
  4 mummies
  3 gnolls (D:5)
  7 adders
  A river rat (D:3)
  An ufetubus (D:3)
  3 dart slugs
  6 orcs
  7 ball pythons
  7 endoplasms
  7 giant cockroaches
  6 hobgoblins
  7 jackals
  2 quokkas (D:1)
  5 bats
  A frilled lizard (D:1)
  5 goblins
  9 kobolds
  10 rats
113 creatures vanquished.

Vanquished Creatures (others)
  A fungus (D:2)
1 creature vanquished.

Grand Total: 114 creatures vanquished

Notes
Turn   | Place    | Note
-------+----------+-------------------------------------------
     0 | D:1      | arthad the Gnoll Reaver began the quest for the Orb.
     0 | D:1      | Reached XP level 1. HP: 20/20 MP: 6/6
   193 | D:1      | Reached XP level 2. HP: 25/26 MP: 7/7
   401 | D:1      | Reached skill level 5 in Spellcasting
   401 | D:1      | Reached XP level 3. HP: 17/31 MP: 7/9
   788 | D:2      | Reached skill level 1 in Invocations
  1027 | D:2      | Reached skill level 1 in Short Blades
  1027 | D:2      | Reached skill level 1 in Long Blades
  1027 | D:2      | Reached skill level 1 in Maces & Flails
  1027 | D:2      | Reached skill level 1 in Polearms
  1027 | D:2      | Reached skill level 1 in Staves
  1027 | D:2      | Reached skill level 1 in Ranged Weapons
  1027 | D:2      | Reached skill level 1 in Throwing
  1027 | D:2      | Reached skill level 1 in Armour
  1027 | D:2      | Reached skill level 1 in Stealth
  1027 | D:2      | Reached skill level 1 in Shields
  1027 | D:2      | Reached skill level 1 in Unarmed Combat
  1027 | D:2      | Reached skill level 1 in Evocations
  1046 | D:2      | Identified the ring "Laimats" {Fire Dex+4}
  1052 | D:2      | Learned a level 2 spell: Momentum Strike
  1056 | D:2      | Learned a level 3 spell: Hailstorm
  1176 | D:2      | Reached XP level 4. HP: 18/38 MP: 11/11
  1320 | D:2      | Noticed Sigmund
  1336 | D:2      | Killed Sigmund
  1337 | D:2      | Reached skill level 1 in Hexes
  1337 | D:2      | Reached skill level 1 in Summonings
  1337 | D:2      | Reached skill level 1 in Necromancy
  1337 | D:2      | Reached skill level 1 in Translocations
  1337 | D:2      | Reached skill level 1 in Transmutations
  1337 | D:2      | Reached skill level 1 in Fire Magic
  1337 | D:2      | Reached skill level 1 in Ice Magic
  1337 | D:2      | Reached skill level 1 in Air Magic
  1337 | D:2      | Reached skill level 1 in Earth Magic
  1337 | D:2      | Reached skill level 1 in Poison Magic
  1337 | D:2      | Reached XP level 5. HP: 6/43 MP: 12/12
  1337 | D:2      | Reached XP level 6. HP: 8/50 MP: 14/14
  1570 | D:2      | Noticed Terence
  1585 | D:2      | Killed Terence
  1586 | D:2      | Reached skill level 5 in Fighting
  1586 | D:2      | Reached skill level 5 in Dodging
  2039 | D:2      | Found a runed translucent door.
  2040 | D:2      | Noticed Crazy Yiuf
  2047 | D:2      | Killed Crazy Yiuf
  2254 | D:3      | Found a blossoming altar of Fedhas.
  2257 | D:3      | Found a broken altar of Ashenzari.
  2257 | D:3      | Found a shimmering blue altar of Sif Muna.
  2268 | D:3      | Became a worshipper of Ashenzari the Shackled
  2281 | D:3      | Found a hazy altar of Hepliaklqana.
  2281 | D:3      | Found a sacrificial altar of Ru.
  2363 | D:3      | Found a glowing drain.
  2367 | Sewer    | Entered a sewer
  2452 | Sewer    | Noticed Pargi
  2465 | Sewer    | Killed Pargi
  3114 | D:4      | Reached skill level 7 in Axes
  3114 | D:4      | Reached XP level 7. HP: 27/56 MP: 15/15
  3344 | D:4      | HP: 2/56 [orc/+0 hand axe (4)]
  4007 | D:5      | Entered Level 5 of the Dungeon
  4026 | D:5      | Found a staircase to the Ecumenical Temple.
  4087 | D:5      | Found a sand-covered staircase.
  4096 | Ossuary  | Entered an ossuary
  4294 | Ossuary  | Reached XP level 8. HP: 29/63 MP: 16/16
  4714 | D:5      | Noticed Ijyb
  4759 | D:5      | HP: 3/64 [jelly (2)]
  4759 | D:5      | Splashed by a jelly's acid

Illustrated notes

Levels and vault maps discovered:
D:1:      tarquinn_simple_flora_water_e, layout_basic, patterned_corridor
D:2:      layout_loops_ring, minmay_pentomino_v2, uniq_terence,
          uniq_crazy_yiuf_cottage, uniq_sigmund
D:3:      layout_basic, minmay_overflow_temple_star_hex, portal_sewer_entry_e,
          supply_closet_lemuel
D:4:      layout_cave_pods, chequers_serial_rivers_micro_a
D:5:      layout_loops_corners, temple_fountains, gup_ossuary_entry_pyramid,
          chequers_serial_rivers_room_a, uniq_ijyb

Skill      XL: |  1  2  3  4  5  6  7  8 |
---------------+-------------------------+-----
Spellcasting   | 5 6 |  6.1
Invocations    | 1 2 3 |  3.7
Short Blades   | 1 2 3 |  3.3
Long Blades    | 1 2 3 |  3.3
Maces & Flails | 1 2 3 |  3.3
Polearms       | 1 2 3 |  3.3
Staves         | 1 2 3 |  3.3
Ranged Weapons | 1 2 3 |  3.3
Throwing       | 1 2 3 |  3.3
Armour         | 1 2 3 |  3.3
Stealth        | 1 2 3 |  3.3
Shields        | 1 2 3 |  3.3
Unarmed Combat | 1 2 3 |  3.3
Evocations     | 1 2 3 |  3.3
Hexes          | 1 2 |  2.7
Summonings     | 1 2 |  2.7
Necromancy     | 1 2 |  2.7
Translocations | 1 2 |  2.7
Transmutations | 1 2 |  2.7
Fire Magic     | 1 2 |  2.7
Ice Magic      | 1 2 |  2.7
Air Magic      | 1 2 |  2.7
Earth Magic    | 1 2 |  2.7
Poison Magic   | 1 2 |  2.7
Fighting       | 5 |  5.7
Dodging        | 5 |  5.7
Axes           | 7 |  7.4
Conjurations   | 6 |  6.1

Action                   |  1- 3 |  4- 6 |  7- 9 || total
-------------------------+-------+-------+-------++-------
Melee: Hand axe          |   124 |     2 |       ||   126
       Bite              |    13 |    11 |    26 ||    50
       Punch             |     1 |     3 |     7 ||    11
       Whip              |       |   118 |   215 ||   333
 Cast: Momentum Strike   |       |     2 |       ||     2
Evoke: Wand              |       |       |     2 ||     2
  Use: Scroll            |       |    11 |     5 ||    16
       Potion            |       |     1 |     4 ||     5
 Stab: Sleeping          |     1 |     6 |       ||     7
       Distracted        |       |     1 |       ||     1
Armor: Leather armour    |     2 |       |       ||     2
       Robe              |    25 |    35 |    80 ||   140
Dodge: Dodged            |    88 |   126 |   210 ||   424
       Repelled          |       |     2 |       ||     2

Table legend: (Time is in decaauts)
 A = Elapsed time spent in this place.
 B = Non-inter-level travel time spent in this place.
 C = Inter-level travel time spent in this place.
 D = Time resting spent in this place.
 E = Time spent auto-exploring this place.
 F = Levels seen in this place.
 G = Mean time per level.
                   A        B        C        D        E       F      G
               +--------+--------+--------+--------+--------+-----+--------+
         Total |   4750 |   4579 |    171 |    886 |   2447 |   7 |  678.6 |
       Dungeon |   3961 |   3790 |    171 |    492 |   2254 |   5 |  792.2 |
         Sewer |    252 |    252 |      0 |     95 |    100 |   1 |  252.0 |
       Ossuary |    536 |    536 |      0 |    299 |     93 |   1 |  536.0 |
               +--------+--------+--------+--------+--------+-----+--------+

Top non-repeatable levels by time:
     D:2: 1312 daAuts
     D:4: 940 daAuts
     D:1: 775 daAuts
     D:3: 725 daAuts
 Ossuary: 536 daAuts
   Sewer: 252 daAuts
     D:5: 207 daAuts
